 Dungeon Crawl Stone Soup version 0.24.0 (webtiles) character file.

Game seed: 7453657925250976284, levelgen mode: deterministic

170 Buxparty the Covered (level 5, -3/33 HPs)
             Began as a Gargoyle Fighter on Feb 15, 2020.
             Was a Follower of Wu Jian.
             Killed by divine providence
             ... invoked by an orc priest
              (15 damage)
             ... on level 3 of the Dungeon.
             The game lasted 00:05:14 (2181 turns).

Buxparty the Covered (Gargoyle Fighter)             Turns: 2181, Time: 00:05:15

Health: -3/33      AC: 12    Str: 21    XL:     5   Next: 50%
Magic:  5/5        EV:  7    Int:  8    God:    Wu Jian [*.....]
Gold:   66         SH:  9    Dex:  9    Spells: 4/4 levels left

rFire    . . .     SeeInvis .   a - +0 long sword
rCold    . . .     Gourm    .   c - +0 shield
rNeg     + . .     Faith    .   b - +0 scale mail
rPois    ∞         Spirit   .   p - +0 helmet
rElec    +         Reflect  .   (no cloak)
rCorr    .         Harm     .   (no gloves)
MR       .....                  (no boots)
Stlth    ..........             (no amulet)
HPRegen  0.11/turn              (no ring)
MPRegen  0.09/turn              (no ring)

@: no status effects
A: negative energy resistance 1, electricity resistance, unbreathing,
petrification resistance, rot immunity, AC +4
a: Renounce Religion


You were on level 3 of the Dungeon.
You worshipped Wu Jian.
Wu Jian was aware of your devotion.
You were not hungry.

You visited 1 branch of the dungeon, and saw 3 of its levels.

You collected 66 gold pieces.

Inventory:

Hand Weapons
 a - a +0 long sword (weapon)
Armour
 b - a +0 scale mail (worn)
 c - a +0 shield (worn)
 p - a +0 helmet (worn)
Scrolls
 g - 2 scrolls of teleportation
 j - 4 scrolls of identify
 k - 2 scrolls of noise
 l - a scroll of magic mapping {unknown}
 n - a scroll of blinking {unknown}
Potions
 d - a potion of might
 e - a potion of curing {unknown}
 h - a potion of heal wounds {unknown}
 i - a potion of brilliance {unknown}
 m - a potion of resistance {unknown}
 o - a potion of mutation {unknown}
 q - a potion of cancellation {unknown}
Comestibles
 f - 3 rations
 r - 2 chunks of flesh


   Skills:
 + Level 4.1 Fighting
 * Level 3.4 Long Blades
 + Level 4.2 Armour
 + Level 4.1 Shields


You had 4 spell levels left.
You didn't know any spells.
Your spell library was empty.

Dungeon Overview and Level Annotations

Branches:
Dungeon (3/15)

Altars:
Wu Jian
Beogh

Annotations:
D:3 3 runed translucent doors, MrDizzy's ghost, amateur HaWr


Innate Abilities, Weirdness & Mutations

You are resistant to torment.
Your stone body is resilient. (AC +4)
You are immune to poison.
You resist negative energy. (rN+)
You are resistant to electric shocks. (rElec)
You can survive without breathing.
You are immune to petrification.
You are immune to rotting.


Message History

The orc hits you but does no damage. You block the orc's attack.
The orc priest hits you but does no damage.
You hit the orc.
You kill the orc!
The Council accepts your kill.
The orc priest hits you but does no damage.
You lunge at the orc priest.
You completely miss the orc priest.
The orc priest hits you but does no damage.
Items here: )) [ ††† You hit the orc priest.
The orc priest is lightly wounded.
You block the orc priest's attack.
You slash the orc priest!
The orc priest is heavily wounded.
The orc priest hits you but does no damage.
You hit the orc priest.
The orc priest is severely wounded.
The orc priest invokes the aid of Beogh against you.
Beogh smites you!
You die...

#.# #.# #.# ### #.# ### #..
#.# ..# #.# #.# #.# #.# ##
#.##########.# <#
#.#########.#...........
..<.....
......o@................
.#.#####
#.#....####..........#.#
.#... #.... #####.#####.#.#
.. ### #####8...
#........##.#.# ..
...W#....###........##.#..
..
.##..#...........†.........
.#.
..8#..#.######........##....
..##o.#.# #####.####....#
....#.#.##########.#........


You could see an orc priest, MrDizzy's ghost and an orc (wandering).

Vanquished Creatures
  3 gnolls (D:3)
  5 adders
  An ooze (D:1)
  2 worms
  3 dart slugs
  3 leopard geckos
  5 orcs (D:3)
  5 giant cockroaches
  9 goblins
  9 hobgoblins
  5 jackals
  A quokka (D:2)
  5 bats
  A frilled lizard (D:1)
  5 kobolds
  9 rats
71 creatures vanquished.

Notes
Turn   | Place    | Note
-------+----------+-------------------------------------------
     0 | D:1      | Buxparty the Gargoyle Fighter began the quest for the Orb.
     0 | D:1      | Reached XP level 1. HP: 14/14 MP: 1/1
   109 | D:1      | Reached XP level 2. HP: 6/19 MP: 2/2
   499 | D:1      | Reached XP level 3. HP: 23/23 MP: 3/3
  1073 | D:2      | Reached XP level 4. HP: 15/29 MP: 4/4
  1489 | D:2      | Found a faded altar of an unknown god.
  1853 | D:2      | Became a worshipper of the Wu Jian Council
  1853 | D:2      | Reached * piety under Wu Jian
  1943 | D:3      | Reached XP level 5. HP: 29/33 MP: 5/5
  2076 | D:3      | Found a runed translucent gate.
  2076 | D:3      | Found a runed translucent gate.
  2078 | D:3      | Found a runed translucent gate.
  2079 | D:3      | Noticed MrDizzy's ghost (amateur HaWr)
  2082 | D:3      | Found a roughly hewn altar of Beogh.
  2181 | D:3      | Killed from afar by an orc priest

Levels and vault maps discovered:
D:1:      doesnt_arrival_eight_statues, layout_basic, serial_rivers,
          chequers_serial_rivers_micro_b, chequers_serial_rivers_small_a,
          chequers_serial_rivers_small_a, chequers_serial_rivers_micro_c,
          chequers_serial_rivers_small_a
D:2:      minmay_chambers_of_twos, layout_loops_ring,
          chequers_ecumenical_altar_island, hangedman_decor_growths
D:3:      layout_basic, first_ration, biasface_ghost_orc_armoury
